 Dungeon Crawl Stone Soup version 0.19-a0-475-gfca3800 (webtiles) character file.

130 shklvsk the Chopper (level 4, -3/33 HPs)
             Began as a Demonspawn Skald on June 4, 2016.
             Slain by a worker ant (7 damage)
             ... on level 4 of the Dungeon.
             The game lasted 00:05:43 (3099 turns).

shklvsk the Chopper (Demonspawn Skald)              Turns: 3099, Time: 00:05:43

Health: -3/33      AC:  5    Str: 10 (13) XL:     4   Next: 89%
Magic:  7/7        EV: 10    Int: 11 (14) God:
Gold:   73         SH:  0    Dex: 11 (12) Spells: 2 memorised, 4 levels left

rFire  . . .     SeeInvis .     a - +0 hand axe
rCold  . . .     Gourm    .     o - +0 ring mail
rNeg   . . .     Faith    .     (no shield)
rPois  .         Spirit   .     (no helmet)
rElec  .         Dismiss  .     (no cloak)
rCorr  .         Reflect  .     (no gloves)
SustAt .         Harm     .     (no boots)
MR     .....                    (no amulet)
Stlth  +.........               (no ring)
                                (no ring)

@: lethally poisoned (-3 -> -5), very slightly contaminated, invisible, not
resistant to hostile enchantments, very unstealthy
A: claws 2, sturdy frame 1
a: no special abilities


You were on level 4 of the Dungeon.
You were not hungry.

You visited 1 branch of the dungeon, and saw 4 of its levels.

You collected 73 gold pieces.

Inventory:

Hand Weapons
 a - a +0 hand axe (weapon)
 l - a +0 falchion of venom
   (You found it on level 2 of the Dungeon)
Missiles
 b - 5 tomahawks
 f - 59 stones (quivered)
Armour
 o - a +0 ring mail (worn)
   (You found it on level 2 of the Dungeon)
Jewellery
 q - an uncursed amulet of rage {unknown}
   (You found it on level 2 of the Dungeon)
Scrolls
 e - 6 scrolls of identify {unknown}
 h - 2 scrolls of fear {unknown}
Books
 c - a book of Battle
Comestibles
 d - 4 bread rations {@e1}
 g - a meat ration {@e2}
 i - a slice of pizza
 j - 3 fruits
 r - a beef jerky


   Skills:
 - Level 2.0 Fighting
 * Level 4.1 Axes
 - Level 0.8 Armour
 - Level 0.8 Dodging
 - Level 2.0 Spellcasting
 + Level 3.4 Charms


You had 4 spell levels left.
You knew the following spells:

 Your Spells              Type           Power        Failure   Level  Hunger
a - Infusion              Chrm           #...         14%         1    ##.....
s - Shroud of Golubria    Chrm/Tloc      #.........   38%         2    ###....


Dungeon Overview and Level Annotations

Branches:
Dungeon (4/15)
 Temple: D:4-7

Altars:
Ashenzari
Cheibriados

Annotations:
D:2 Crazy Yiuf
D:3 Multipenetrator's ghost, amateur DEFE


Innate Abilities, Weirdness & Mutations

You have very sharp fingernails.
Your movements are slightly less encumbered by armour. (ER -2)


Message History

You kill the orc!
No target in view!
No target in view!
No target in view!
No target in view!
You start resting.
Health restored: 33 Multipenetrator's ghost (amateur Deep Elf Fire Elementalist) comes into view.
It is wielding a weapon of protection.
Things that are here:
a trident; an orc corpse
There is a stone staircase leading down here.
You climb downwards.
A giant newt and a scorpion come into view.
Found a ring mail.
Found a stone staircase leading down.
There is a stone staircase leading up here.
You closely miss the giant newt. The giant newt barely misses you.
The giant newt bites you but does no damage.
You barely miss the giant newt.
The giant newt bites you but does no damage.
You barely miss the giant newt. The giant newt closely misses you.
You closely miss the scorpion. You hit the giant newt. The scorpion stings you.
You are poisoned.
The scorpion poisons you! The giant newt closely misses you.
You take 2 damage, and have 31/33 hp.
You completely miss the giant newt. You hit the scorpion but do no damage.
You feel sick. The scorpion closely misses you.
The giant newt barely misses you.
You take 1 damage, and have 30/33 hp.
You closely miss the giant newt. You hit the scorpion but do no damage.
You feel sick. The scorpion closely misses you. The giant newt bites you.
You take 4 damage, and have 26/33 hp.
You closely miss the giant newt. You hit the scorpion but do no damage.
You feel sick. The scorpion stings you!
You are lethally poisoned!
The scorpion poisons you!
The giant newt bites you but does no damage.
The scorpion closely misses you.
You take 8 damage, and have 18/33 hp.
MASSIVE DAMAGE!!
It was a potion of degeneration.
There was something very wrong with that liquid.
You feel weakened.
You feel dopey.
You feel clumsy.
You feel sick. The giant newt bites you. The scorpion misses you.
You take 3 damage, and have 15/33 hp.
It was a potion of curing.
You feel better.
The giant newt bites you but does no damage.
The scorpion stings you but does no damage.
You regained 8 hp, and now have 23/33 hp.
You aren't carrying any items that you can evoke.
Unknown command.
As you read the scroll labeled JEHIR KIMIGGON, it crumbles to dust.
The scroll dissolves into smoke.
It was a scroll of fog.
The giant newt bites you but does no damage.
The scorpion stings you.
You take 5 damage, and have 18/33 hp.
There is a stone staircase leading up here.
The scorpion stings you.
You are poisoned.
The scorpion poisons you!
You take 3 damage, and have 15/33 hp.
You feel sick. The giant newt bites you.
You take 3 damage, and have 12/33 hp.
You feel sick.
You take 1 damage, and have 11/33 hp.
You feel sick.
You feel sick.
You take 1 damage, and have 10/33 hp.
You feel sick.
There is a stone staircase leading down here.
You take 1 damage, and have 9/33 hp.
You feel sick.
You take 1 damage, and have 8/33 hp.
An adder comes into view.
The adder moves out of view.
The giant newt bites you but does no damage.
You feel sick.
You take 1 damage, and have 7/33 hp.
A worker ant comes into view.
The worker ant twitches its antennae in your direction.
It was a potion of invisibility.
You fade into invisibility!
You feel sick. The scorpion closely misses you.
You are very lightly contaminated with residual magic.
You take 1 damage, and have 6/33 hp.
You feel sick. The worker ant barely misses you.
You take 1 damage, and have 6/33 hp.
The worker ant barely misses you.
You feel sick.
You see here a dyed leather armour.
You take 1 damage, and have 5/33 hp.
The worker ant closely misses you.
You feel sick.
You take 1 damage, and have 4/33 hp.
You see here 7 gold pieces.
You feel sick.
You take 1 damage, and have 4/33 hp.
The worker ant bites you!
You die...

...........##
####..#.####
#..#S# #. #.#
.. #l# ## #s#
#.#
#l######.#
#.s.a@.?.#
##########


You could see a scorpion, a worker ant and a giant newt.

Vanquished Creatures
  Jessica (D:2)
  2 adders
  3 dart slugs
  4 giant geckos
  4 orcs (D:3)
  8 bats
  A giant cockroach (D:1)
  12 goblins
  11 hobgoblins
  9 kobolds
  A quokka (D:2)
  3 giant newts
  6 rats
65 creatures vanquished.

Notes
Turn   | Place    | Note
--------------------------------------------------------------
     0 | D:1      | shklvsk the Demonspawn Skald began the quest for the Orb.
     0 | D:1      | Reached XP level 1. HP: 16/16 MP: 3/3
    56 | D:1      | HP: 4/16 [giant gecko (2)]
    61 | D:1      | Reached skill level 2 in Axes
   380 | D:1      | Gained mutation: You have sharp fingernails. [demonic ancestry]
   380 | D:1      | Reached XP level 2. HP: 11/22 MP: 5/5
   932 | D:1      | Reached skill level 3 in Axes
  1229 | D:1      | Gained mutation: You have very sharp fingernails. [demonic ancestry]
  1229 | D:1      | Reached XP level 3. HP: 18/27 MP: 6/6
  1364 | D:1      | Learned a level 2 spell: Shroud of Golubria
  1646 | D:2      | Noticed Jessica
  1654 | D:2      | Killed Jessica
  1654 | D:2      | Gained mutation: Your movements are slightly less encumbered by armour. (ER -2) [demonic ancestry]
  1654 | D:2      | Reached XP level 4. HP: 30/33 MP: 7/7
  1889 | D:2      | Found a snail-covered altar of Cheibriados.
  2027 | D:2      | Reached skill level 4 in Axes
  2027 | D:2      | Reached skill level 3 in Charms
  2517 | D:2      | Noticed Crazy Yiuf
  2527 | D:2      | HP: 4/33 [Crazy Yiuf/quarterstaff of chaos (12)]
  2647 | D:2      | HP: 5/33 [Crazy Yiuf/quarterstaff of chaos (10)]
  2907 | D:3      | Found a shattered altar of Ashenzari.
  3053 | D:3      | Noticed Multipenetrator's ghost (amateur DEFE)
  3082 | D:4      | HP: 8/33 [poisoned by a scorpion]
  3088 | D:4      | HP: 6/33 [poisoned by a scorpion]
  3094 | D:4      | HP: 4/33 [poisoned by a scorpion]
  3099 | D:4      | Slain by a worker ant

Vault maps used:
D:1:      lightli_arrival_noodles, minmay_misc_feat_room
D:2:      overflow_temple_1_default, first_bread, uniq_jessica,
          uniq_crazy_yiuf_cottage, uniq_robin
D:3:      corexii_shack_village, nicolae_overflow_crystal_walls,
          lemuel_zombie_altar_yredelemnul, serial_bayou_pond_c, st_stairs_7,
          uniq_iyjb
D:4:      lemuel_round_altar, serial_shops, shop_fountains,
          nicolae_qazlal_general_emergency

Skill      XL: |  1  2  3  4 |
---------------+-------------+-----
Axes           | 2 3 4 |  4.1
Charms         | 3 |  3.4
Fighting       | |  2.0
Armour         | |  0.8
Dodging        | |  0.8
Spellcasting   | |  2.0

Action                   |  1- 3 |  4- 6 || total
-------------------------+-------+-------++-------
Melee: Hand axe          |   135 |    99 ||   234
  Use: Potion            |       |     3 ||     3
       Scroll            |       |     1 ||     1
  Eat: Chunk             |     2 |     5 ||     7
Armor: Leather armour    |    36 |     9 ||    45
       Ring mail         |       |    20 ||    20
Dodge: Dodged            |    90 |    58 ||   148

Vault maps used:
D:1:      lightli_arrival_noodles, minmay_misc_feat_room
D:2:      overflow_temple_1_default, first_bread, uniq_jessica,
          uniq_crazy_yiuf_cottage, uniq_robin
D:3:      corexii_shack_village, nicolae_overflow_crystal_walls,
          lemuel_zombie_altar_yredelemnul, serial_bayou_pond_c, st_stairs_7,
          uniq_iyjb
D:4:      lemuel_round_altar, serial_shops, shop_fountains,
          nicolae_qazlal_general_emergency

Table legend:
 A = Turns spent in this place as a percentage of turns spent in the entire game.
 B = Non-inter-level travel turns spent in this place as a percentage of non-inter-level travel turns spent in the entire game.
 C = Inter-level travel turns spent in this place as a percentage of turns spent in this place.
 D = Turns resting spent in this place as a percentage of non-inter-level travel turns spent in this place.
 E = Turns spent auto-exploring this place as a percentage of non-inter-level travel turns spent in this place.
 F = Non-inter-level travel turns spent in this place divided by the number of levels of this place that you've seen.
                   A       B       C       D       E      F
               +-------+-------+-------+-------+-------+----------------------
         Total | 100.0 | 100.0 |   0.1 |   4.7 |   5.6 | 211.5
       Dungeon | 100.0 | 100.0 |   0.1 |   4.7 |   5.6 | 211.5
               +-------+-------+-------+-------+-------+----------------------

Table legend:
 A = Kills in this place as a percentage of kills in entire the game.
 B = Kills by you in this place as a percentage of kills by you in the entire game.
 C = Kills by friends in this place as a percentage of kills by friends in the entire game.
 D = Other kills in this place as a percentage of other kills in the entire game.
 E = Experience gained in this place as a percentage of experience gained in the entire game.
 F = Experience gained in this place divided by the number of levels of this place that you have seen.
                   A       B       C       D       E      F
               +-------+-------+-------+-------+-------+----------------------
         Total | 100.0 | 100.0 |  -nan |  -nan | 100.0 |  46.5
       Dungeon | 100.0 | 100.0 |  -nan |  -nan | 100.0 |  46.5
               +-------+-------+-------+-------+-------+----------------------
